 Dungeon Crawl Stone Soup version 0.27.1-33-g824d729ab1 (webtiles) character file.

Game seed: 10923314945334005191

195 alasdair19 the Covered (level 5, -1/47 HPs)
             Began as a Minotaur Fighter on Dec 11, 2021.
             Frozen to death by an endoplasm (4 damage)
             ... on level 4 of the Dungeon.
             The game lasted 00:04:38 (2844 turns).

alasdair19 the Covered (Minotaur Fighter)           Turns: 2844, Time: 00:04:38

Health: -1/47      AC:  7    Str: 20    XL:     5   Next: 45%
Magic:  4/4        EV:  7    Int:  6    God:
Gold:   113        SH:  9    Dex: 10    Spells: 4/4 levels left

rFire    . . .     SeeInvis .   a - +0 long sword
rCold    . . .     Faith    .   c - +0 kite shield
rNeg     . . .     Spirit   .   b - +0 scale mail
rPois    .         Reflect  .   (helmet restricted)
rElec    .         Harm     .   (no cloak)
rCorr    .         Rampage  .   (no gloves)
Will     .....                  (no boots)
Stlth    ..........             (no amulet)
HPRegen  0.15/turn              (no ring)
MPRegen  0.09/turn              (no ring)

@: mighty
A: horns 2, retaliatory headbutt
a: no special abilities


You were on level 4 of the Dungeon.
You visited 1 branch of the dungeon, and saw 4 of its levels.

You collected 113 gold pieces.

Inventory:

Hand Weapons
 a - a +0 long sword (weapon)
Missiles
 o - 14 poisoned darts (quivered)
Armour
 b - a +0 scale mail (worn)
 c - a +0 kite shield (worn)
Wands
 m - a wand of paralysis (9)
Scrolls
 e - a scroll of enchant weapon {unknown}
 f - 2 scrolls of magic mapping
 g - 2 scrolls of fog {unknown}
 i - a scroll of torment {unknown}
 j - 2 scrolls of holy word {unknown}
 l - a scroll of vulnerability {unknown}
 p - a scroll of noise {unknown}
Potions
 d - a potion of mutation
 n - 2 potions of ambrosia
 q - a potion of degeneration {unknown}


   Skills:
 + Level 4.4 Fighting
 + Level 3.9 Long Blades
 + Level 5.3 Armour
 + Level 4.9 Shields


You had 4 spell levels left.
You didn't know any spells.
Your spell library contained the following spells:

 Spells                   Type           Power      Damage    Failure   Level
 Gell's Gravitas          Tloc           0%         N/A       100%        3
 Teleport Other           Tloc           0%         N/A       100%        3
 Dispersal                Tloc           0%         N/A       100%        6


Dungeon Overview and Level Annotations

Branches:
Dungeon (4/15)
 Temple: D:4-7

Altars:


Innate Abilities, Weirdness & Mutations

You have a pair of horns on your head.
You reflexively headbutt those who attack you in melee.


Message History

The gnoll hits you from afar with a +0 spear.
The jackal barely misses you. You block the gnoll's attack.
The gnoll hits you but does no damage.
The gnoll hits you from afar with a +0 spear.
You completely miss the gnoll. You headbutt the gnoll.
The gnoll is almost dead.
The jackal closely misses you. The gnoll hits you with a +0 flail.
The jackal bites you but does no damage.
The gnoll barely misses you. You block the gnoll's attack.
You barely miss the gnoll.
The gnoll is almost dead.
The jackal bites you but does no damage.
The gnoll barely misses you.
You riposte.
You barely miss the gnoll.
You headbutt the gnoll, but do no damage.
The gnoll barely misses you. You block the jackal's attack.
The gnoll hits you with a +0 flail.
You hit the gnoll but do no damage.
The gnoll is almost dead.
The jackal barely misses you. You furiously retaliate!
You headbutt the jackal!
You kill the jackal!
The gnoll hits you from afar with a +0 spear.
The gnoll barely misses you. The gnoll hits you with a +0 flail.
* * * LOW HITPOINT WARNING * * *
You block the endoplasm's attack. The gnoll completely misses you.
You closely miss the gnoll.
The gnoll is almost dead.
The gnoll hits you with a +0 halberd.
* * * LOW HITPOINT WARNING * * *
The gnoll hits you with a +0 flail.
* * * LOW HITPOINT WARNING * * *
The endoplasm freezes you.
You are frozen.
* * * LOW HITPOINT WARNING * * *
You block the gnoll's attack. x2; The gnoll hits you but does no damage.
Unknown command.
You feel very mighty all of a sudden. The gnoll hits you but does no damage.
The endoplasm freezes you.
You are frozen.
You die...

..#...#.................
..#...#.................
..#...#.................
..#...+......###'#####..
..#...#......#.......#
..#...#......#.......+
..#...#......#...>...#
..###'#......#.......#
.............###@#####
.............#.Jgg...#
.............#...:g..#
.............#.......+
.............#.......#
..###+########.......#
..# ........# ..#
.........#


You could see 3 gnolls and an endoplasm.

Vanquished Creatures
  Terence (D:2)
  2 orc wizards (D:2)
  A gnoll (D:2)
  4 adders (D:2)
  2 worms
  2 orcs (D:2)
  10 ball pythons
  3 endoplasms (D:1)
  A giant cockroach (D:3)
  6 goblins
  6 hobgoblins
  8 jackals
  2 quokkas (D:1)
  6 bats
  2 frilled lizards
  6 kobolds
  7 rats
69 creatures vanquished.

Notes
Turn   | Place    | Note
-------+----------+-------------------------------------------
     0 | D:1      | alasdair19 the Minotaur Fighter began the quest for the
                  | Orb.
     0 | D:1      | Reached XP level 1. HP: 19/19 MP: 0/0
   192 | D:1      | Reached skill level 4 in Armour
   232 | D:1      | Reached XP level 2. HP: 27/27 MP: 1/1
  1172 | D:2      | Reached XP level 3. HP: 33/33 MP: 2/2
  1196 | D:2      | Reached XP level 4. HP: 29/40 MP: 3/3
  1556 | D:2      | Reached skill level 5 in Armour
  1650 | D:2      | Noticed Terence
  1657 | D:2      | Killed Terence
  1658 | D:2      | Reached XP level 5. HP: 42/46 MP: 4/4
  2326 | D:3      | Found a faded altar of an unknown god.
  2844 | D:4      | Frozen to death by an endoplasm

Illustrated notes

Levels and vault maps discovered:
D:1:      evilmike_arrival_rings, layout_loops_corners
D:2:      layout_rooms, corexii_item_surrounded_by_moat, cheibrodos_gnoll_hut,
          uniq_terence
D:3:      layout_loops_ring, shapermc_ecumenical_altar_flowoftime,
          chequers_serial_rivers_room_b, kennysheep_boxes
D:4:      layout_gridville, temple_fountains, serial_glass, glass_columns_a,
          glass_columns_b, due_unseen_surprise, nicolae_zen_rock_garden,
          st_stairs_11

Skill      XL: |  1  2  3  4 |
---------------+-------------+-----
Armour         | 4 5 |  5.3
Shields        | 4 |  4.9
Fighting       | 4 |  4.4
Long Blades    | 3 |  3.9

Action                   |  1- 3 |  4- 6 || total
-------------------------+-------+-------++-------
Melee: Long sword        |    50 |   102 ||   152
       Headbutt          |    12 |    20 ||    32
  Use: Potion            |       |     3 ||     3
       Scroll            |       |     4 ||     4
Armor: Scale mail        |    18 |    42 ||    60
Dodge: Dodged            |    20 |    54 ||    74
Block: Kite shield       |    21 |    67 ||    88
       Rpst.: Long sword |     6 |    11 ||    17
